 Dungeon Sprint DCSS version 0.28-a0-1629-gf728b707aa (webtiles) character file.

Game seed: 1870298293325893533

21717 mhtbhm the Warrior (level 12, -1/199 HPs)
             Began as a Pale Draconian Berserker on Jan 25, 2022.
             Was the Champion of Trog.
             Slain by a spriggan berserker (21 damage)
             ... in the Dungeon (Sprint IX: "|||||||||||||||||||||||||||||").
             The game lasted 00:06:30 (2941 turns).

mhtbhm the Warrior (Pale Draconian Berserker)       Turns: 2941, Time: 00:06:31

Health: -1/199     AC:  9    Str: 28    XL:     12   Next: 56%
Magic:  0/12       EV: 18    Int: 10    God:    Trog [******]
Gold:   65         SH:  0    Dex: 11    Spells: 11/11 levels left

rFire   . . .      SeeInvis .   a - +6 double sword (flame)
rCold   . . .      Faith    .   (no shield)
rNeg    . . .      Spirit   .   (armour unavailable)
rPois   .          Reflect  .   (helmet restricted)
rElec   .          Harm     .   k - +0 cloak
rCorr   .          Rampage  .   D - +1 pair of gloves
Will    .....      NoTele   +   C - +1 pair of boots
Stlth   ..........              (no amulet)
HPRegen 0.43/turn               l - +3 ring of strength
MPRegen 0.13/turn               m - +3 ring of intelligence

@: berserking, short of breath, corroded, slowed
A: breathe steam, AC +8, unfitting armour, cold-blooded, steam resistance
a: Breathe Steam, Renounce Religion, Berserk, Trog's Hand, Brothers in Arms


You were in the Dungeon.
You worshipped Trog.
Trog was exalted by your worship.
You visited 1 branch You collected 1941 gold pieces.
You spent 1876 gold pieces at shops.

Inventory:

Hand Weapons
 a - a +6 double sword of flaming (weapon)
 t - the +10 dark maul {vorpal}
   (You bought it in a shop in the Dungeon)

   It inflicts extra damage upon your enemies.
Missiles
 n - 2 poisoned darts (quivered)
 x - a throwing net
Armour
 k - a +0 cloak (worn)
 s - the +18 shield of the Gong {rElec rN+ Will+ EV-5}
   (You found it in the Dungeon)

   It is deafeningly noisy when blocking attacks.
   EV:        It affects your evasion (-5).
   rElec:     It insulates you from electricity.
   rN:        It protects you from negative energy.
   Will:      It increases your willpower.
 u - a scarf of repulsion
 C - a +1 pair of boots (worn)
 D - a +1 pair of gloves (worn)
Jewellery
 l - a +3 ring of strength (left hand)
 m - a +3 ring of intelligence (right hand)
 y - a ring of poison resistance
 z - a ring of ice
 A - a ring of protection from cold
 B - a ring of see invisible
Wands
 i - a wand of iceblast (3)
Scrolls
 g - 2 scrolls of blinking
 o - 6 scrolls of enchant weapon
 p - 5 scrolls of fear
 q - a scroll of fog
 r - a scroll of identify
 v - a scroll of brand weapon
 w - a scroll of enchant armour
Potions
 b - 7 potions of curing
 c - 6 potions of heal wounds
 d - 4 potions of haste
 e - 4 potions of magic
 f - a potion of berserk rage
 h - 2 potions of might
 j - a potion of mutation


   Skills:
 + Level 20.1 Fighting
 + Level 20.0 Long Blades
 + Level 2.9 Throwing
 + Level 15.4 Dodging
 + Level 8.0 Stealth
 + Level 5.1 Evocations


You had 11 spell levels left.
You didn't know any spells.
Your spell library was empty.

Dungeon Overview and Level Annotations

Branches:
Dungeon (1/1)

Altars:
Cheibriados
Dithmenos
Elyvilon
Fedhas
Gozag
Hepliaklqana
Kikubaaqudgha
Makhleb
Nemelex Xobeh
Okawaru
Qazlal
Ru
Sif Muna
Trog
Uskayaw
Vehumet
Wu Jian
Xom
Yredelemnul
Zin
The Shining One
Beogh
Jiyva
Lugonu

Shops:
D [?[(


Innate Abilities, Weirdness & Mutations

You can breathe blasts of scalding, opaque steam.
Your pale cyan-grey scales are hard. (AC +8)
You cannot fit into any form of body armour.
You are cold-blooded and may be slowed by cold attacks.
You are immune to the effects of steam.


Message History

Your Evocations skill increases to level 5!
Okay, then.
You slice the elephant!! You burn the elephant.
You punch the elephant, but do no damage.
The elephant is almost dead.
The elephant tramples you!!
You stumble backwards!
The elephant is engulfed in a cloud of scalding steam.
The glowing orange brain is engulfed in a cloud of scalding steam.
The elephant completely misses you. The elephant trunk-slaps you.
A sphinx comes into view.
Unknown command.
You slice the elephant!! You burn the elephant.
You kill the elephant!
The elephant's corpse disappears in a puff of smoke!
The spriggan berserker utters an invocation to Trog.
The spriggan berserker goes berserk!
The glowing orange brain is engulfed in a cloud of scalding steam.
Unknown command.
Unknown command.
Okay, then.
A red film seems to cover your vision as you go berserk!
You feel yourself moving faster!
You feel mighty!
The spriggan berserker hits you with a +2 antimagic war axe!
You feel your power leaking away.
A great orb of eyes comes into view.
The spriggan berserker hits you with a +2 antimagic war axe!
* * * LOW HITPOINT WARNING * * *
You feel your power leaking away.
You hit the spriggan berserker. You burn the spriggan berserker.
The spriggan berserker is severely wounded.
The sphinx casts a spell.
Something smites you!
* * * LOW HITPOINT WARNING * * *
The spriggan berserker hits you with a +2 antimagic war axe!!
* * * LOW HITPOINT WARNING * * *
You hit the spriggan berserker. You burn the spriggan berserker.
You tail-slap the spriggan berserker.
The spriggan berserker is severely wounded.
The spriggan berserker hits you with a +2 antimagic war axe!!
You die...

▓_▓.▓.▓.▓.▓.▓.▓
▓_▓.▓.▓.▓.▓.▓.▓
▓_▓.▓.▓.▓.▓.▓.▓
▓_▓.▓.▓.▓)▓.▓.▓
▓'▓.▓)▓.▓)▓.▓.▓
▓.▓.▓†▓.▓)▓.▓)▓
▓?▓.▓.▓.▓)▓.▓)▓
▓)▓.▓.▓.▓)▓.▓(▓
▓.▓.▓†▓.▓)▓.▓@▓
▓.▓.▓†▓.▓∩▓.▓i▓
▓.▓.▓.▓.▓)▓.▓Y▓
▓[▓.▓.▓.▓∩▓.▓G▓
▓.▓.▓.▓.▓)▓.▓.▓
▓)▓.▓.▓.▓∩▓.▓H▓
▓'▓.▓(▓.▓.▓.▓G▓
▓)▓.▓.▓.▓∩▓.▓.▓
▓)▓.▓(▓.▓.▓.▓.▓


You could see a sphinx, an elephant (summoned, berserk), a great orb of eyes, a
glowing orange brain and a spriggan berserker (berserk, regenerating,
strong-willed).

Vanquished Creatures
  A lich (D)
  A very ugly thing (D)
  Josephine (D)
  Harold (D)
  5 ogre magi (D)
  4 two-headed ogres (D)
  A hydra (D)
  2 death knights (D)
  A death yak (D)
  A centaur warrior (D)
  An orc high priest (D)
  A skeletal warrior (D)
  2 orc knights (D)
  An orc sorcerer (D)
  An ugly thing (D)
  2 cyclopes (D)
  2 cane toads (D)
  A kobold demonologist (D)
  A tengu conjurer (D)
  A troll (D)
  2 polar bears (D)
  3 blink frogs (D)
  A slime creature (D)
  3 wraiths (D)
  2 basilisks (D)
  3 yaks (D)
  A floating eye (D)
  5 water moccasins (D)
  11 orc warriors (D)
  6 black bears (D)
  6 ogres (D)
  A kobold brigand (D)
  A scorpion (D)
  2 bullfrogs (D)
  A howler monkey (D)
  4 orc priests (D)
  4 orc wizards (D)
  An adder (D)
  3 dart slugs (D)
  6 orcs (D)
  A ball python (D)
  A hobgoblin (D)
  A frilled lizard (D)
  A jackal skeleton (D)
  A quokka zombie (D)
102 creatures vanquished.

Notes
Turn   | Place    | Note
-------+----------+-------------------------------------------
     0 | D        | mhtbhm the Draconian Berserker began the quest for the Orb.
     0 | D        | Reached XP level 1. HP: 19/19 MP: 1/1
    14 | D        | Reached ** piety under Trog
    18 | D        | Reached XP level 2. HP: 20/27 MP: 2/2
    94 | D        | Noticed a scorpion
    99 | D        | Reached skill level 5 in Fighting
    99 | D        | Reached XP level 3. HP: 26/36 MP: 3/3
   243 | D        | Reached *** piety under Trog
   244 | D        | Reached skill level 5 in Long Blades
   254 | D        | Killed a scorpion
   255 | D        | Reached skill level 5 in Dodging
   255 | D        | Reached XP level 4. HP: 39/45 MP: 4/4
   288 | D        | Found a snail-covered altar of Cheibriados.
   288 | D        | Found a shadowy altar of Dithmenos.
   288 | D        | Found a white marble altar of Elyvilon.
   288 | D        | Found a blossoming altar of Fedhas.
   288 | D        | Found an opulent altar of Gozag.
   289 | D        | Found a hazy altar of Hepliaklqana.
   290 | D        | Found a viscous altar of Jiyva.
   291 | D        | Found an ancient bone altar of Kikubaaqudgha.
   292 | D        | Found a corrupted altar of Lugonu.
   293 | D        | Found a burning altar of Makhleb.
   294 | D        | Found a sparkling altar of Nemelex Xobeh.
   295 | D        | Found an iron altar of Okawaru.
   296 | D        | Found a stormy altar of Qazlal.
   297 | D        | Found a sacrificial altar of Ru.
   298 | D        | Found a shimmering blue altar of Sif Muna.
   299 | D        | Found a bloodstained altar of Trog.
   300 | D        | Found a hide-covered altar of Uskayaw.
   301 | D        | Found a radiant altar of Vehumet.
   302 | D        | Found an ornate altar of the Wu Jian Council.
   303 | D        | Found a shimmering altar of Xom.
   304 | D        | Found a basalt altar of Yredelemnul.
   305 | D        | Found a glowing silver altar of Zin.
   306 | D        | Found a glowing golden altar of the Shining One.
   347 | D        | Noticed a two-headed ogre
   347 | D        | Noticed a kobold brigand
   347 | D        | Noticed an orc warrior
   355 | D        | Killed a two-headed ogre
   355 | D        | Reached **** piety under Trog
   356 | D        | Reached skill level 10 in Fighting
   356 | D        | Reached skill level 10 in Long Blades
   356 | D        | Reached XP level 5. HP: 52/59 MP: 5/5
   356 | D        | Reached XP level 6. HP: 59/67 MP: 6/6
   356 | D        | Your scales start taking on a pale cyan-grey colour.
   356 | D        | Reached XP level 7. HP: 64/73 MP: 7/7
   356 | D        | Gained mutation: You are immune to the effects of steam.
                  | [Pale Draconian growth]
   579 | D        | Noticed a kobold demonologist
   579 | D        | Noticed a death knight
   579 | D        | Noticed a cyclops
   579 | D        | Noticed a basilisk
   579 | D        | Noticed a troll
   579 | D        | Noticed a purple ugly thing
   582 | D        | Killed a kobold demonologist
   582 | D        | Reached ***** piety under Trog
   583 | D        | Reached XP level 8. HP: 24/82 MP: 8/8
   647 | D        | Killed a death knight
   663 | D        | Killed a cyclops
   664 | D        | Reached skill level 10 in Dodging
   664 | D        | Reached skill level 1 in Evocations
   664 | D        | Reached XP level 9. HP: 73/92 MP: 9/9
   677 | D        | Killed a troll
   893 | D        | Killed a purple ugly thing
  1115 | D        | Noticed a five-headed hydra
  1116 | D        | Received a gift from Trog
  1121 | D        | Noticed a cane toad
  1122 | D        | Reached skill level 15 in Long Blades
  1130 | D        | Killed a one-headed hydra
  1131 | D        | Reached XP level 10. HP: 44/103 MP: 10/10
  1131 | D        | Killed a cane toad
  1131 | D        | Received a gift from Trog
  1365 | D        | Noticed a cane toad
  1367 | D        | Noticed a death yak
  1370 | D        | Killed a cane toad
  1373 | D        | Reached skill level 5 in Stealth
  1381 | D        | Received a gift from Trog
  1387 | D        | Killed a death yak
  1388 | D        | Reached skill level 15 in Fighting
  1491 | D        | Reached ****** piety under Trog
  1495 | D        | Received a gift from Trog
  1773 | D        | Noticed Josephine
  1784 | D        | Killed Josephine
  1784 | D        | Received a gift from Trog
  1785 | D        | Reached XP level 11. HP: 68/114 MP: 11/11
  1973 | D        | Received a gift from Trog
  1977 | D        | Noticed an orc sorcerer
  1982 | D        | Killed an orc sorcerer
  2080 | D        | Noticed an orc high priest
  2082 | D        | Received a gift from Trog
  2089 | D        | Killed an orc high priest
  2093 | D        | Noticed an orc knight
  2104 | D        | Killed an orc knight
  2428 | D        | Found Gigui's Armour Emporium.
  2428 | D        | Noticed a two-headed ogre
  2428 | D        | Noticed a two-headed ogre
  2430 | D        | Received a gift from Trog
  2431 | D        | Killed a two-headed ogre
  2433 | D        | Found Bajar's Magic Scroll Shoppe.
  2434 | D        | Noticed an ogre mage
  2437 | D        | Killed a two-headed ogre
  2438 | D        | Found Guzis's Armour Emporium.
  2438 | D        | Noticed an ogre mage
  2440 | D        | Noticed a two-headed ogre
  2441 | D        | Killed an ogre mage
  2442 | D        | Received a gift from Trog
  2445 | D        | Noticed an ogre mage
  2447 | D        | Paralysed by an ogre mage for 2 turns
  2450 | D        | Killed an ogre mage
  2454 | D        | Killed a two-headed ogre
  2458 | D        | Killed an ogre mage
  2460 | D        | Received a gift from Trog
  2461 | D        | Reached skill level 1 in Throwing
  2461 | D        | Found Qeibatsa's Antique Weapon Shoppe.
  2463 | D        | Noticed an ogre mage
  2466 | D        | Paralysed by an ogre mage for 6 turns
  2475 | D        | Killed an ogre mage
  2476 | D        | Reached XP level 12. HP: 74/128 MP: 12/12
  2657 | D        | Bought the +10 dark maul {vorpal} for 1334 gold pieces
  2657 | D        | Found the +10 dark maul {vorpal}
  2659 | D        | Bought a scarf of repulsion for 120 gold pieces
  2661 | D        | Bought a scroll of blinking for 82 gold pieces
  2661 | D        | Bought a scroll of fear for 38 gold pieces
  2661 | D        | Bought a scroll of brand weapon for 220 gold pieces
  2661 | D        | Bought a scroll of enchant armour for 82 gold pieces
  2765 | D        | Noticed Harold
  2777 | D        | Killed Harold
  2834 | D        | Found the +7 mace of Variability {chain chaos}
  2844 | D        | Found the +18 shield of the Gong {rElec rN+ Will+ EV-5}
  2903 | D        | Noticed an ogre mage
  2903 | D        | Noticed a death knight
  2912 | D        | Noticed a centaur warrior
  2913 | D        | Killed an ogre mage
  2913 | D        | Received a gift from Trog
  2915 | D        | Killed a death knight
  2916 | D        | Reached skill level 15 in Dodging
  2920 | D        | Noticed a brown very ugly thing
  2923 | D        | Killed a centaur warrior
  2928 | D        | Noticed a lich
  2932 | D        | Killed a brown very ugly thing
  2932 | D        | Received a gift from Trog
  2936 | D        | Killed a lich
  2937 | D        | Reached skill level 5 in Evocations
  2938 | D        | Noticed a sphinx
  2939 | D        | Noticed a great orb of eyes
  2941 | D        | Slain by a spriggan berserker

Illustrated notes

Levels and vault maps discovered:
D:        linesprint [early_d, line_temple, items_1, d_10, items_2, lair_1,
          lair_end, items_3, orc_1, orc_end, items_4, d_15, swamp_1, shoals_1,
          snake_1, spider_1, d_20, vaults_1, items_5, swamp_end, shoals_end,
          snake_end, spider_end, vaults_end, d_27, items_6, zot_1, zot_end,
          crypt_end, forest_end, elf_end, slime_end, tomb_end, abyss_end,
          pan_hell_end]

Skill      XL: |  1  2  3  4  5  6  7  8  9 10 11 12 |
---------------+-------------------------------------+-----
Dodging        | 3 4 5 8 9 10 11 13 14 15 | 15.4
Fighting       | 4 5 6 10 11 12 14 15 18 20 | 20.1
Long Blades    | 4 6 10 12 13 15 17 19 20 | 20.0
Stealth        | 2 4 6 7 8 |  8.0
Evocations     | 1 2 3 4 5 |  5.1
Throwing       | 1 2 |  2.9

Action                   |  1- 3 |  4- 6 |  7- 9 | 10-12 || total
-------------------------+-------+-------+-------+-------++-------
Melee: Falchion          |    28 |     1 |       |       ||    29
       Tailslap          |     4 |       |     6 |    16 ||    26
       Scimitar          |       |     7 |    41 |    52 ||   100
       Punch             |       |     1 |     1 |     6 ||     8
       Double sword      |       |       |       |    74 ||    74
Throw: Dart              |       |       |       |     6 ||     6
Invok: Berserk           |     2 |     1 |     1 |     1 ||     5
       Trog's Hand       |       |       |     1 |       ||     1
 Abil: Breathe Steam     |       |       |     8 |    15 ||    23
Evoke: Wand              |       |       |     3 |     4 ||     7
  Use: Potion            |       |       |     2 |     2 ||     4
       Scroll            |       |       |     1 |       ||     1
 Stab: Invisible         |       |       |     2 |       ||     2
Armor: Skin              |     5 |       |    14 |    12 ||    31
Dodge: Dodged            |    12 |     4 |    22 |    72 ||   110

Table legend: (Time is in decaauts)
 A = Elapsed time spent in this place.
 B = Non-inter-level travel time spent in this place.
 C = Inter-level travel time spent in this place.
 D = Time resting spent in this place.
 E = Time spent auto-exploring this place.
 F = Levels seen in this place.
 G = Mean time per level.
                   A        B        C        D        E       F      G
               +--------+--------+--------+--------+--------+-----+--------+
         Total |   2938 |   2938 |      0 |   1617 |    536 |   1 | 2938.0 |
       Dungeon |   2938 |   2938 |      0 |   1617 |    536 |   1 | 2938.0 |
               +--------+--------+--------+--------+--------+-----+--------+

Top non-repeatable levels by time:
       D: 2938 daAuts
